 Dungeon Crawl Stone Soup version 0.22-a0-166-g5351223 (webtiles) character file.

802 wazuzu the Grave Robber (level 7, 40/46 HPs)
             Began as a Demonspawn Necromancer on Feb 13, 2018.
             Quit the game on level 5 of the Dungeon.
             The game lasted 00:16:03 (4931 turns).

wazuzu the Grave Robber (Demonspawn Necromancer)    Turns: 4931, Time: 00:16:03

Health: 40/46      AC:  9    Str: 10    XL:     7   Next: 59%
Magic:  13/14      EV: 13    Int: 20    God:
Gold:   163        SH:  0    Dex: 21    Spells: 6/16 levels left

rFire    . . .     SeeInvis .   A - +0 quarterstaff (protect)
rCold    x . .     Gourm    .   (shield currently unavailable)
rNeg     . . .     Faith    .   a - +0 robe
rPois    .         Spirit   +   (no helmet)
rElec    .         Reflect  .   (no cloak)
rCorr    .         Harm     .   (no gloves)
MR       .....                  (no boots)
Stlth    ++........             C - amulet of inaccuracy (curse)
HPRegen  0.15/turn              f - +4 ring of intelligence
MPRegen  0.14/turn              x - ring of Xyuraff {Wiz rC- Dex+7}

@: protection aura
A: talons 2, magic shield
a: no special abilities


You were on level 5 of the Dungeon.
You were not hungry.

You visited 1 branch of the dungeon, and saw 5 of its levels.

You collected 163 gold pieces.

Inventory:

Hand Weapons
 A - a +0 quarterstaff of protection (weapon)
 B - a +1 vampiric whip
Armour
 a - a +0 robe (worn)
Jewellery
 f - a +4 ring of intelligence (left hand)
 x - the ring of Xyuraff (right hand) {Wiz rC- Dex+7}
   (You took it off a gnoll on level 4 of the Dungeon)

   [ring of wizardry]

   It improves your spell success rate.
   It affects your dexterity (+7).
   It makes you vulnerable to cold.
 y - an uncursed ring of fire
 C - a cursed amulet of inaccuracy (around neck)
Wands
 s - a wand of iceblast (2)
Scrolls
 g - a scroll of fear {unknown}
 i - 3 scrolls of remove curse
 j - 5 scrolls of identify
 l - a scroll of enchant armour {unknown}
 o - a scroll of magic mapping {unknown}
 p - a scroll of noise {unknown}
 r - 2 scrolls of teleportation {unknown}
 t - 2 scrolls of amnesia {unknown}
 w - 2 scrolls of immolation {unknown}
Potions
 d - a potion of berserk rage {unknown}
 e - 2 potions of heal wounds {unknown}
 h - a potion of magic {unknown}
 m - a potion of brilliance {unknown}
 n - a potion of resistance {unknown}
 q - a potion of curing {unknown}
 u - a potion of might {unknown}
 v - 2 potions of lignification {unknown}
Books
 b - a book of Necromancy

   Spells                             Type                      Level
   a - Pain                           Necromancy                   1
   b - Animate Skeleton               Necromancy                   1
   c - Vampiric Draining              Necromancy                   3
   d - Regeneration                   Charms/Necromancy            3
   e - Animate Dead                   Necromancy                   4
 k - a book of Misfortune

   Spells                             Type                      Level
   a - Confusing Touch                Hexes                        1
   b - Confuse                        Hexes                        3
   c - Gell's Gravitas                Translocation                3
   d - Petrify                        Transmutation/Earth          4
   e - Metabolic Englaciation         Hexes/Ice                    5
   f - Yara's Violent Unravelling     Hexes/Transmutation          5
Comestibles
 c - 4 rations
 z - 3 chunks of flesh


   Skills:
 - Level 1.8 Staves
 - Level 1.7 Dodging
 - Level 1.7 Stealth
 + Level 5.2 Spellcasting
 + Level 2.4 Charms
 + Level 7.3 Necromancy


You had 6 spell levels left.
You knew the following spells:

 Your Spells              Type           Power        Failure   Level  Hunger
a - Pain                  Necr           ####         1%          1    None
b - Vampiric Draining     Necr           ####......   1%          3    ##.....
c - Blink                 Tloc           N/A          7%          2    None
r - Regeneration          Chrm/Necr      ###.......   1%          3    ##.....
s - Animate Skeleton      Necr           N/A          1%          1    None


Dungeon Overview and Level Annotations

Branches:
Dungeon (5/15)
 Temple: D:4-7

Altars:
Cheibriados
Elyvilon
Okawaru
Xom
Yredelemnul


Innate Abilities, Weirdness & Mutations

You have razor-sharp toenails.
When hurt, damage is shared between your health and your magic reserves.


Message History

The killer bee zombie is severely damaged.
The killer bee zombie hits you but does no damage.
The killer bee zombie closely misses you.
You sock the killer bee zombie!
You destroy the killer bee zombie!
You hit the quokka.
The quokka is severely wounded.
The quokka barely misses you.
You hit the quokka.
The quokka is almost dead.
The quokka bites you. The quokka misses you.
You hit the quokka.
You kill the quokka!
Put on which piece of jewellery? (? for menu, Esc to quit)
You feel agile.
x - the ring of Xyuraff (right hand) {Wiz rC- Dex+7} Put on which piece of jewellery? (? for menu, Esc to quit)
Oops, that amulet feels deathly cold.
C - a cursed amulet of inaccuracy (around neck) Are you sure you want to abandon this character and quit the game? (Confirm with "yes".)

##.......##
#.........#
#.........#
#.........#
#.........#
##.........# .
...........# ...
#......@...###...#
...........<...#
##.........#####
.....>.....#
............#
...#.....##...
.#.####### #### #


There were no monsters in sight!

Vanquished Creatures
  2 centaurs
  An ogre (D:4)
  6 orc priests (D:4)
  2 hounds (D:4)
  3 orc wizards
  A killer bee zombie (D:5)
  5 adders
  11 gnolls
  4 worms
  A dart slug (D:1)
  2 leopard geckos (D:1)
  5 orcs
  A ball python (D:3)
  A giant cockroach (D:1)
  11 goblins
  5 hobgoblins
  5 jackals
  3 quokkas
  A ball python skeleton (D:4)
  5 bats
  4 frilled lizards
  6 kobolds
  A quokka skeleton (D:4)
  4 rats
90 creatures vanquished.

Vanquished Creatures (collateral kills)
  A worm (D:4)
  A jackal (D:4)
  A ball python (D:4)
3 creatures vanquished.

Grand Total: 93 creatures vanquished

Notes
Turn   | Place    | Note
-------+----------+-------------------------------------------
     0 | D:1      | wazuzu the Demonspawn Necromancer began the quest for the Orb.
     0 | D:1      | Reached XP level 1. HP: 13/13 MP: 3/3
   338 | D:1      | Gained mutation: You have sharp toenails. [demonic ancestry]
   338 | D:1      | Reached XP level 2. HP: 19/19 MP: 3/5
   643 | D:1      | Found a snail-covered altar of Cheibriados.
  1179 | D:2      | Reached skill level 5 in Necromancy
  1179 | D:2      | Reached XP level 3. HP: 6/24 MP: 0/7
  1818 | D:2      | Noticed a centaur
  1845 | D:2      | Learned a level 3 spell: Vampiric Draining
  1849 | D:2      | Learned a level 3 spell: Regeneration
  1861 | D:2      | Learned a level 1 spell: Animate Skeleton
  2285 | D:2      | Gained mutation: When hurt, damage is shared between your health and your magic reserves. [demonic ancestry]
  2285 | D:2      | Reached XP level 4. HP: 23/30 MP: 2/8
  2419 | D:2      | Killed a centaur
  2419 | D:2      | Reached XP level 5. HP: 8/35 MP: 1/10
  2584 | D:2      | Reached skill level 6 in Necromancy
  2802 | D:3      | Found a shimmering altar of Xom.
  2802 | D:3      | Found a white marble altar of Elyvilon.
  2802 | D:3      | Found a basalt altar of Yredelemnul.
  2802 | D:3      | Found a snail-covered altar of Cheibriados.
  2802 | D:3      | Found an iron altar of Okawaru.
  2986 | D:3      | Found a faded altar of an unknown god.
  3183 | D:3      | Gained mutation: You have razor-sharp toenails. [demonic ancestry]
  3183 | D:3      | Reached XP level 6. HP: 27/41 MP: 5/12
  3703 | D:4      | Learned a level 2 spell: Blink
  3717 | D:4      | Reached skill level 1 in Staves
  3717 | D:4      | Reached skill level 1 in Charms
  3895 | D:4      | Reached XP level 7. HP: 12/46 MP: 1/14
  3957 | D:4      | Reached skill level 7 in Necromancy
  4247 | D:4      | Got a sparkling brass ring
  4258 | D:4      | Reached skill level 5 in Spellcasting
  4916 | D:5      | Entered Level 5 of the Dungeon
  4929 | D:5      | Identified the ring of Xyuraff {Wiz rC- Dex+7} (You took it off a gnoll on level 4 of the Dungeon)
  4931 | D:5      | Quit the game

Vault maps used:
D:1:      nicolae_arrival_somewhat_less_tricky_arrival, cheibriados_altar_1
D:3:      grunt_temple_overflow_open, chequers_ecumenical_altar_grove
D:4:      hangedman_decor_diamond_cutter
D:5:      first_ration, minmay_misc_feat_iff, nrook_loot_triangle

Skill      XL: |  1  2  3  4  5  6  7 |
---------------+----------------------+-----
Necromancy     | 5 6 7 |  7.3
Spellcasting   | 3 4 5 |  5.2
Staves         | 1 |  1.8
Charms         | 1 2 |  2.4
Dodging        | |  1.7
Stealth        | |  1.7

Action                   |  1- 3 |  4- 6 |  7- 9 || total
-------------------------+-------+-------+-------++-------
Melee: Short sword       |    18 |     3 |       ||    21
       Kick              |     2 |     5 |     2 ||     9
       Quarterstaff      |       |    20 |    22 ||    42
 Cast: Pain              |    80 |    69 |    33 ||   182
       Animate Skeleton  |     1 |     7 |     6 ||    14
       Regeneration      |       |     2 |     4 ||     6
Evoke: Wand              |       |     7 |       ||     7
  Use: Scroll            |       |     2 |       ||     2
 Stab: Sleeping          |       |       |     1 ||     1
  Eat: Chunk             |     5 |     5 |     3 ||    13
Armor: Robe              |     2 |     6 |     5 ||    13
Dodge: Dodged            |    17 |    37 |    16 ||    70

Table legend:
 A = Spawn XP
 B = Non-spawn XP
 C = Spawn XP percentage of total XP
 D = Spawn monster count
 E = Non-spawn monster count
 F = Spawn count percentage of total count
 G = Total turns spent on level
                    A         B        C        D         E        F      G
               +---------+---------+-------+---------+---------+-------+---------
         Total |       0 |    1146 |   0.0 |       0 |      93 |   0.0 |  4931
               +---------+---------+-------+---------+---------+-------+---------
           D:1 |       0 |      37 |   0.0 |       0 |      19 |   0.0 |  1028
           D:2 |       0 |     212 |   0.0 |       0 |      24 |   0.0 |  1774
           D:3 |       0 |     196 |   0.0 |       0 |      22 |   0.0 |   789
           D:4 |       0 |     671 |   0.0 |       0 |      26 |   0.0 |  1325
           D:5 |       0 |      30 |   0.0 |       0 |       2 |   0.0 |    15
               +---------+---------+-------+---------+---------+-------+---------
